 Dungeon Crawl Stone Soup version 0.19-a0-1216-g363869b (webtiles) character file.

42045 hairmachine the Devastator (level 13, -12/108 HPs)
             Began as a Purple Draconian Conjurer on Aug 23, 2016.
             Was the Champion of Ru.
             Mangled by a giant leech (30 damage)
             ... on level 6 of the Lair of Beasts.
             The game lasted 01:35:34 (26577 turns).

hairmachine the Devastator (DrCj)                  Turns: 26577, Time: 01:35:35

Health: -12/108    AC: 17    Str: 11    XL:     13   Next: 83%
Magic:  36/36      EV: 15    Int: 20    God:    Ru [******]
Gold:   1370       SH:  0    Dex: 12    Spells: 7 memorised, 7 levels left

rFire  + + .     SeeInvis .     D - +6 scimitar of Flaming Death {sticky flame, rPois rF++ rC- MR+}
rCold  . . .     Gourm    .     (armour unavailable)
rNeg   . . .     Faith    .     (no shield)
rPois  +         Spirit   .     B - +2 hat
rElec  .         Dismiss  .     K - +1 cloak
rCorr  .         Reflect  .     A - +2 pair of gloves
MR     ++...     Harm     .     X - +1 pair of boots
Stlth  ..........               (no amulet)
                                N - ring of protection from cold
                                i - ring of Igeazuit {MP+9 EV+4}

@: hasted, very quick
A: breathe power, unfitting armour, cold-blooded, no stealth, inability to use
devices, inability to train dodging, AC +8
a: Breathe Dispelling Energy, Draw Out Power, Power Leap, Apocalypse, Renounce
Religion


You were on level 6 of the Lair of Beasts.
You worshipped Ru.
Ru was exalted by your worship.
You were not hungry.

You visited 2 branches of the dungeon, and saw 16 of its levels.

You collected 1370 gold pieces.

Inventory:

Hand Weapons
 q - a +1 quarterstaff of crushing
 D - the +6 scimitar of Flaming Death (weapon) {sticky flame, rPois rF++ rC- MR+}
   (You found it on level 2 of the Lair of Beasts)

   It has been specially enchanted to burn those struck by it, causing extra
   injury to most foes and up to half again as much damage against particularly
   susceptible opponents.
   Big, fiery blades are also staple armaments of hydra-hunters.
   It greatly protects you from fire.
   It makes you vulnerable to cold.
   It protects you from poison.
   It affects your resistance to hostile enchantments.
Armour
 A - a +2 pair of gloves (worn)
 B - a +2 hat (worn)
 K - a +1 cloak (worn)
 X - a +1 pair of boots (worn)
Jewellery
 i - the ring of Igeazuit (left hand) {MP+9 EV+4}
   (You found it on level 4 of the Dungeon)

   [ring of evasion]

   It affects your evasion (+4).
   It affects your magic capacity (+9).
 N - a ring of protection from cold (right hand)
 T - an uncursed ring of protection from fire
 U - an uncursed ring of protection from magic
Scrolls
 d - 10 scrolls of remove curse
 f - 2 scrolls of fear
 j - 2 scrolls of immolation {unknown}
 m - 4 scrolls of amnesia
 n - 5 scrolls of recharging {unknown}
 u - 3 scrolls of teleportation {unknown}
 x - 2 scrolls of fog
 y - 10 scrolls of identify
 C - 2 scrolls of noise {unknown}
 E - a scroll of enchant armour
 F - a scroll of blinking {unknown}
 G - 2 scrolls of enchant weapon
Potions
 c - 3 potions of flight
 o - a potion of berserk rage {unknown}
 r - 3 potions of might
 s - 5 potions of degeneration {unknown}
 t - 2 potions of curing
 v - 6 potions of lignification {unknown}
 w - 3 potions of heal wounds {unknown}
 z - a potion of mutation {unknown}
 H - a potion of resistance
 I - a potion of cure mutation {unknown}
 J - 2 potions of ambrosia {unknown}
 L - a potion of invisibility {unknown}
 V - a potion of brilliance {unknown}
Books
 a - a book of Conjurations

   Spells                             Type                      Level
   a - Magic Dart                     Conjuration                  1
   b - Searing Ray                    Conjuration                  2
   c - Dazzling Spray                 Conjuration/Hexes            3
   d - Fulminant Prism                Conjuration/Hexes            4
   e - Iskenderun's Mystic Blast      Conjuration                  4
   f - Iskenderun's Battlesphere      Conjuration/Charms           5
 e - a book of Clouds

   Spells                             Type                      Level
   a - Mephitic Cloud                 Conjuration/Poison/Air       3
   b - Conjure Flame                  Conjuration/Fire             3
   c - Poisonous Cloud                Conjuration/Poison/Air       6
   d - Freezing Cloud                 Conjuration/Ice/Air          6
   e - Ring of Flames                 Charms/Fire                  7
 h - a book of Fire

   Spells                             Type                      Level
   a - Ignite Poison                  Fire/Transmutation/Poison    3
   b - Fireball                       Conjuration/Fire             5
   c - Bolt of Fire                   Conjuration/Fire             6
   d - Delayed Fireball               Conjuration/Fire             7
   e - Ring of Flames                 Charms/Fire                  7
 k - a book of Callings

   Spells                             Type                      Level
   a - Summon Small Mammal            Summoning                    1
   b - Call Imp                       Summoning                    2
   c - Call Canine Familiar           Summoning                    3
   d - Summon Guardian Golem          Hexes/Summoning              3
   e - Summon Lightning Spire         Summoning/Air                4
   f - Summon Ice Beast               Ice/Summoning                4
 O - a book of Dreams

   Spells                             Type                      Level
   a - Ensorcelled Hibernation        Hexes/Ice                    2
   b - Silence                        Hexes/Air                    5
   c - Darkness                       Hexes                        6
   d - Shadow Creatures               Summoning                    6
 W - a Fen Folio

   Spells                             Type                      Level
   a - Corpse Rot                     Necromancy                   2
   b - Stone Arrow                    Conjuration/Earth            3
   c - Leda's Liquefaction            Hexes/Earth                  4
   d - Summon Forest                  Summoning/Translocation      5
   e - Hydra Form                     Transmutation                6
   f - Summon Hydra                   Summoning                    7
Miscellaneous
 P - a fan of gales
Comestibles
 b - 8 bread rations
 g - 2 chunks of flesh
 p - 16 fruits
 Q - 25 royal jellies
 R - 4 beef jerkies


   Skills:
 - Level 8.5 Fighting
 - Level 2.2 Long Blades
   Level 0.0 Stealth
 - Level 10.8 Spellcasting
 + Level 15.1 Conjurations
 - Level 7.6 Charms
 + Level 12.2 Fire Magic


You had 7 spell levels left.
You knew the following spells:

 Your Spells              Type           Power        Failure   Level  Hunger
a - Magic Dart            Conj           ####         0%          1    None
b - Searing Ray           Conj           ######       1%          2    None
c - Iskenderun's Mystic   Conj           ######..     1%          4    ##.....
d - Iskenderun's Battles  Conj/Chrm      ######..     1%          5    ####...
e - Conjure Flame         Conj/Fire      ######..     1%          3    None
f - Fireball              Conj/Fire      ######....   1%          5    ####...
g - Bolt of Fire          Conj/Fire      ######....   4%          6    ######.


Dungeon Overview and Level Annotations

Branches:
Dungeon (10/15)            Temple (0/1) D:4            Lair (6/6) D:10
  Swamp (0/4) Lair:3       Spider (0/4) Lair:3        Slime (0/5) Lair:6
    Orc: D:9-12

Altars:
Cheibriados
Dithmenos
Elyvilon
Fedhas
Makhleb
Nemelex Xobeh
Okawaru
Ru
Trog
Uskayaw
Xom
The Shining One
Beogh

Shops:
D:4 }   D:8 %

Annotations:
D:10 Urug


Innate Abilities, Weirdness & Mutations

You can breathe bolts of dispelling energy.
Your rich purple scales are hard. (AC +8)
Your body does not fit into most forms of armour.
You are cold-blooded and may be slowed by cold attacks.
You cannot be stealthy.
You cannot study or use magical devices.
You cannot train Dodging skill.


Message History

The giant leech bites you!!
* * * LOW HITPOINT WARNING * * *
The giant leech draws strength from your injuries!
You focus your will and illuminate the giant leech in retribution!
The giant leech is stunned by your will and fails to attack.
The giant leech bites you!
* * * LOW HITPOINT WARNING * * *
The giant leech draws strength from your injuries!
The giant leech bites you!
* * * LOW HITPOINT WARNING * * *
The giant leech draws strength from your injuries!
You feel better.
You feel better. The giant leech bites you!
* * * LOW HITPOINT WARNING * * *
The giant leech draws strength from your injuries!
The giant leech closely misses you.
You feel better. The giant leech closely misses you.
The giant leech bites you but does no damage.
You feel yourself speed up. The giant leech bites you!!
You die...

......P.≈≈≈P≈≈≈.≈##
.P...≈≈≈≈≈†≈≈≈≈...#
.....≈≈≈≈≈≈≈≈≈≈≈≈.##
..##≈P≈≈≈≈≈≈≈.≈≈P≈≈#
.###≈≈≈≈≈≈≈≈≈≈≈≈≈≈##
.#.##..≈≈≈≈≈≈≈P≈≈≈≈#
...##..≈≈≈≈≈.≈≈≈≈≈≈#
...###≈.≈≈≈≈≈≈.ww≈≈##
....##...≈≈≈≈≈≈≈@≈≈≈##
.....#..P..≈≈≈≈≈≈≈≈≈≈#
....##≈..≈...≈.≈≈≈≈≈≈#
#...##.≈.......≈.P...#
..###....P......≈.###
#### ###
#...............###.#.##
#..............#........
##...........#..........
### ##.#.........#†...#


You could see 2 giant leeches.

Vanquished Creatures
  5 hydras
  Erica (Lair:1)
  A catoblepas (Lair:4)
  9 death yaks
  An orc knight (D:9)
  4 griffons
  Joseph (Lair:1)
  2 black mambas (Lair:6)
  22 spiny frogs
  A torpor snail (Lair:5)
  2 rime drakes (Lair:3)
  4 komodo dragons
  A queen bee (Lair:1)
  Grinder (D:6)
  A giant leech (Lair:6)
  13 blink frogs
  4 wyverns
  34 yaks
  2 wraiths (D:10)
  3 basilisks
  6 hippogriffs
  2 humans (D:9)
  2 hungry ghosts
  4 vampire mosquitoes (Lair:6)
  A soldier ant (D:9)
  12 water moccasins
  9 porcupines
  3 phantoms
  4 orc warriors
  2 ice beasts
  A necrophage (D:9)
  3 wasps
  7 wolves
  A centaur (D:5)
  2 ogres
  14 crocodiles
  A big kobold (D:9)
  19 giant frogs
  4 scorpions
  26 killer bees
  2 electric eels (Lair:6)
  3 crimson imps
  2 jellies
  2 hounds
  2 orc priests
  11 orc wizards
  Ijyb (D:3)
  Natasha (twice) (D:2)
  Terence (D:2)
  8 iguanas
  4 hell rats (Lair:6)
  12 worker ants
  7 gnolls
  11 adders
  47 river rats
  A shadow imp (D:8)
  An ooze (Lair:6)
  2 adder zombies
  An adder skeleton (D:5)
  8 worms
  7 giant geckos
  37 orcs
  10 giant cockroaches
  9 goblins
  5 hobgoblins
  16 jackals
  4 quokkas
  A ball python (D:1)
  5 bats
  A giant gecko skeleton (D:8)
  16 giant newts
  12 kobolds
  A quokka zombie (D:8)
  8 rats
  A butterfly (Lair:5)
  A plant (D:10)
497 creatures vanquished.

Vanquished Creatures (collateral kills)
  An orc wizard (D:6)
1 creature vanquished.

Vanquished Creatures (others)
  A hydra (Lair:6)
  A black mamba (Lair:4)
  2 killer bees (Lair:1)
  Natasha (D:2)
  A giant cockroach (Lair:3)
  2 bushes
  A butterfly (Lair:6)
  21 fungi
  63 plants
93 creatures vanquished.

Grand Total: 591 creatures vanquished

Notes
Turn   | Place    | Note
-------+----------+-------------------------------------------
     0 | D:1      | hairmachine the Draconian Conjurer began the quest for the Orb.
     0 | D:1      | Reached XP level 1. HP: 14/14 MP: 3/3
   258 | D:1      | Reached XP level 2. HP: 20/20 MP: 1/5
   302 | D:1      | Learned a level 2 spell: Searing Ray
  1257 | D:2      | Noticed Terence
  1377 | D:2      | Reached skill level 5 in Conjurations
  1377 | D:2      | Reached XP level 3. HP: 22/26 MP: 1/6
  1894 | D:2      | Noticed Natasha
  1911 | D:2      | Killed Natasha
  1911 | D:2      | Reached XP level 4. HP: 5/33 MP: 0/7
  2026 | D:2      | Noticed Natasha
  2035 | D:2      | Killed Natasha
  2035 | D:2      | Reached skill level 6 in Conjurations
  2051 | D:2      | Noticed Natasha
  2114 | D:2      | Killed Natasha
  2114 | D:2      | Reached XP level 5. HP: 7/38 MP: 0/8
  2379 | D:2      | Learned a level 4 spell: Iskenderun's Mystic Blast
  2556 | D:2      | Killed Terence
  3144 | D:3      | Noticed Ijyb
  3200 | D:3      | Found a sacrificial altar of Ru.
  3773 | D:3      | Became a worshipper of Ru the Awakened
  3853 | D:3      | Reached skill level 7 in Conjurations
  3887 | D:3      | Killed Ijyb
  4008 | D:3      | Reached XP level 6. HP: 31/45 MP: 4/9
  4268 | D:3      | You fall through a shaft for 3 floors!
  4551 | D:5      | Entered Level 5 of the Dungeon
  4592 | D:5      | Noticed an ice beast
  5063 | D:6      | Noticed Grinder
  5410 | D:4      | Gained mutation: You cannot be stealthy. [Ru sacrifice]
  5414 | D:4      | Found Eroib's Gadget Shop.
  6048 | D:4      | Found a staircase to the Ecumenical Temple.
  6145 | D:4      | Reached skill level 8 in Conjurations
  6145 | D:4      | Your scales start taking on a rich purple colour.
  6145 | D:4      | Reached XP level 7. HP: 50/50 MP: 7/13
  6341 | D:4      | Learned a level 5 spell: Iskenderun's Battlesphere
  6445 | D:4      | Got a twitching pewter ring
  6457 | D:4      | Identified the ring of Igeazuit {MP+9 EV+4} (You found it on level 4 of the Dungeon)
  6700 | D:4      | Reached skill level 1 in Charms
  7454 | D:5      | Reached XP level 8. HP: 57/57 MP: 14/14
  7619 | D:5      | Reached skill level 9 in Conjurations
  7721 | D:5      | Learned a level 3 spell: Conjure Flame
  8380 | D:6      | Reached skill level 5 in Charms
  8440 | D:6      | Found a sparkling altar of Nemelex Xobeh.
  8968 | D:6      | Killed Grinder
  8968 | D:6      | Reached skill level 10 in Conjurations
  9456 | D:7      | Reached XP level 9. HP: 58/62 MP: 15/15
  9584 | D:7      | Reached skill level 1 in Fire Magic
  9595 | D:7      | Gained mutation: You cannot train Dodging skill. [Ru sacrifice]
  9595 | D:7      | Reached * piety under Ru
  9595 | D:7      | Reached ** piety under Ru
  9595 | D:7      | Reached *** piety under Ru
 10274 | D:7      | Found a burning altar of Makhleb.
 10382 | D:7      | Found a blossoming altar of Fedhas.
 10440 | D:8      | Found a snail-covered altar of Cheibriados.
 10678 | D:8      | Found Ykiwusam's Food Shoppe.
 10703 | D:8      | Found a shimmering altar of Xom.
 10968 | D:8      | Found a glowing golden altar of the Shining One.
 10968 | D:8      | Found a shadowy altar of Dithmenos.
 10972 | D:8      | Found a sparkling altar of Nemelex Xobeh.
 11148 | D:8      | Reached skill level 5 in Spellcasting
 12195 | D:9      | Found a bloodstained altar of Trog.
 12204 | D:9      | Found a hide-covered altar of Uskayaw.
 12293 | D:9      | Reached skill level 5 in Fire Magic
 12293 | D:9      | Reached XP level 10. HP: 45/69 MP: 19/19
 12462 | D:9      | Reached skill level 11 in Conjurations
 12550 | D:9      | Found an iron altar of Okawaru.
 12863 | D:9      | Learned a level 5 spell: Fireball
 13006 | D:9      | Found a runed door.
 13034 | D:9      | Noticed an orc knight
 13047 | D:9      | Killed an orc knight
 13047 | D:9      | Reached skill level 1 in Fighting
 13295 | D:9      | Noticed an orc knight
 13728 | D:9      | Found a roughly hewn altar of Beogh.
 13825 | D:10     | Entered Level 10 of the Dungeon
 14037 | D:10     | Noticed Urug
 14673 | D:10     | Found a staircase to the Lair.
 14718 | Lair:1   | Entered Level 1 of the Lair of Beasts
 14718 | Lair:1   | Noticed a spiny frog
 14729 | Lair:1   | Killed a spiny frog
 15218 | Lair:1   | Noticed Joseph
 15225 | Lair:1   | Killed Joseph
 15321 | Lair:1   | Noticed Erica
 15352 | Lair:1   | Reached XP level 11. HP: 68/83 MP: 20/23
 15358 | Lair:1   | Killed Erica
 15756 | Lair:1   | Reached skill level 12 in Conjurations
 16384 | Lair:1   | Learned a level 6 spell: Bolt of Fire
 16517 | Lair:1   | Reached skill level 5 in Fighting
 16887 | Lair:1   | Found a white marble altar of Elyvilon.
 17299 | Lair:1   | Gained mutation: You cannot study or use magical devices. [Ru sacrifice]
 17299 | Lair:1   | Reached **** piety under Ru
 17299 | Lair:1   | Reached ***** piety under Ru
 17299 | Lair:1   | Reached ****** piety under Ru
 17498 | Lair:2   | Noticed an eight-headed hydra
 18205 | Lair:2   | Killed an eight-headed hydra
 18556 | Lair:3   | Found a staircase to the Swamp.
 18556 | Lair:3   | Noticed a five-headed hydra
 18764 | Lair:3   | Reached skill level 1 in Long Blades
 18861 | Lair:3   | Found a hole to the Spider Nest.
 19141 | Lair:3   | Noticed a griffon
 19149 | Lair:3   | Killed a griffon
 19316 | Lair:3   | Reached XP level 12. HP: 85/97 MP: 20/25
 20507 | Lair:4   | Noticed a seven-headed hydra
 20511 | Lair:4   | Killed a seven-headed hydra
 20511 | Lair:4   | Reached skill level 10 in Spellcasting
 20630 | Lair:4   | Reached skill level 13 in Conjurations
 20967 | Lair:4   | Noticed a catoblepas
 20996 | Lair:4   | Killed a catoblepas
 21379 | Lair:4   | Noticed a death yak
 21380 | Lair:4   | Noticed a death yak
 21408 | Lair:4   | Killed a death yak
 21586 | Lair:4   | Killed a death yak
 21686 | Lair:4   | Noticed a death yak
 21701 | Lair:4   | Noticed a death yak
 21703 | Lair:4   | Noticed a death yak
 21703 | Lair:4   | Killed a death yak
 21707 | Lair:4   | Noticed a death yak
 21908 | Lair:4   | Killed a death yak
 21990 | Lair:4   | Killed a death yak
 21999 | Lair:4   | Killed a death yak
 22361 | Lair:5   | Reached skill level 10 in Fire Magic
 22519 | Lair:5   | Noticed an eight-headed hydra
 22525 | Lair:5   | Killed an eight-headed hydra
 22955 | Lair:5   | Reached XP level 13. HP: 108/108 MP: 13/27
 23774 | Lair:6   | Entered Level 6 of the Lair of Beasts
 23818 | Lair:6   | Found a staircase to the Slime Pits.
 24179 | Lair:6   | Reached skill level 14 in Conjurations
 26151 | Lair:6   | Reached skill level 15 in Conjurations
 26573 | Lair:6   | HP: 3/108 [giant leech (9)]
 26577 | Lair:6   | Mangled by a giant leech

Vault maps used:
D:1:      dpeg_arrival_rooms_a, hangedman_decor_opposing
D:2:      first_bread, minmay_newt_pond, uniq_terence, uniq_natasha
D:3:      nicolae_overflow_crystal_walls, uniq_iyjb
D:4:      serial_shops, shop_statue, minmay_goblin_kobold_house
D:5:      gup_sewer_entry_pipe, minmay_misc_feat_hallway, uniq_edmund
D:6:      nemelex_spade_bored_becter, uniq_grinder
D:7:      overflow_temple_1_default, kennysheep_mini
D:8:      lemuel_doored_altar, nicolae_overflow_hidden_temple, serial_shops,
          nicolae_shop_stone
D:9:      kennysheep_little_box, okawaru_humans, bloody_trog,
          hangedman_pestilent_swarm, lightli_church_of_beogh
D:10:     dpeg_oklobed_lair, serial_shops, shop, uniq_urug
Lair:1:   basic_altar, special_room, minivault_23, uniq_joseph, uniq_erica
Lair:2:   hibernation_bobbens, serial_bayou_shore_a, infiniplex_staircase_pool
Lair:3:   minmay_swamp_entry_reptiles, nicolae_spider_entry_non_spiders,
          lemuel_fruit_tree
Lair:5:   beast_lair_carwin_8, grunt_megastairs_4, lemuel_fruit_fields,
          bh_autumn_forest_stairs
Lair:6:   minmay_lair_end_frog_pond, nicolae_slime_entry_slimehenge

Skill      XL: |  1  2  3  4  5  6  7  8  9 10 11 12 13 |
---------------+----------------------------------------+-----
Conjurations   | 5 6 7 8 10 11 12 13 15 | 15.1
Stealth        | 0 |  0.0
Spellcasting   | 4 6 8 9 10 | 10.8
Charms         | 3 6 7 |  7.6
Fire Magic     | 5 6 8 10 12 | 12.2
Dodging        | 0 |  0.0
Fighting       | 3 6 8 |  8.5
Long Blades    | 2 |  2.2

Action                   |  1- 3 |  4- 6 |  7- 9 | 10-12 | 13-15 || total
-------------------------+-------+-------+-------+-------+-------++-------
Melee: Tailslap          |     3 |     3 |     1 |     8 |     3 ||    18
       Unarmed           |     1 |       |       |       |       ||     1
       Whip              |    14 |    30 |       |       |       ||    44
       Quarterstaff      |       |       |     7 |    32 |       ||    39
       Scimitar          |       |       |       |    43 |    62 ||   105
 Cast: Magic Dart        |    41 |    74 |   161 |   208 |   105 ||   589
       Searing Ray       |    10 |    28 |    59 |   119 |    38 ||   254
       Iskenderun's Myst |       |       |    12 |    36 |    11 ||    59
       Conjure Flame     |       |       |     2 |     5 |       ||     7
       Iskenderun's Batt |       |       |     3 |    57 |    31 ||    91
       Fireball          |       |       |       |     9 |     8 ||    17
       Bolt of Fire      |       |       |       |       |     1 ||     1
Invok: Sacrifice Stealth |       |     1 |       |       |       ||     1
       Sacrifice Nimblen |       |       |     1 |       |       ||     1
       Sacrifice Artific |       |       |       |     1 |       ||     1
Evoke: Wand              |       |       |     4 |       |       ||     4
  Use: Potion            |     1 |     3 |       |     1 |     4 ||     9
       Scroll            |       |     7 |     2 |     5 |       ||    14
 Stab: Sleeping          |     1 |       |       |       |       ||     1
       Paralysed         |       |       |     2 |       |     3 ||     5
  Eat: Chunk             |     4 |    16 |    19 |    37 |    17 ||    93
       Pizza             |       |       |     2 |     1 |       ||     3
       Fruit             |       |       |     2 |     2 |     1 ||     5
       Royal jelly       |       |       |       |     2 |     1 ||     3
       Meat ration       |       |       |       |     1 |       ||     1
       Beef jerky        |       |       |       |     1 |       ||     1
Armor: Skin              |    16 |    25 |    30 |    82 |    47 ||   200
Dodge: Dodged            |    38 |    66 |   105 |   268 |   109 ||   586
